 Dungeon Crawl Stone Soup version 0.24.0-13-gcf9b3192b9 (webtiles) character file.

Game seed: 7779125698855655058, levelgen mode: deterministic

553 Monsterracer the Poker (level 7, 0/55 HPs)
             Began as a Merfolk Earth Elementalist on Nov 6, 2019.
             Was a Follower of Nemelex Xobeh.
             Slain by a worker ant (6 damage)
             ... on level 4 of the Dungeon.
             The game lasted 00:06:43 (4460 turns).

Monsterracer the Poker (Merfolk Earth Elementalist) Turns: 4460, Time: 00:06:44

Health: 0/55       AC:  8    Str: 10    XL:     7   Next: 29%
Magic:  10/10      EV: 10    Int: 15    God:    Nemelex Xobeh [*.....]
Gold:   206        SH:  0    Dex: 14    Spells: 9/10 levels left

rFire    . . .     SeeInvis .   m - +4 spear
rCold    . . .     Gourm    .   (no shield)
rNeg     . . .     Faith    .   j - +0 scale mail
rPois    .         Spirit   .   g - +2 hat
rElec    .         Reflect  .   (no cloak)
rCorr    .         Harm     .   (no gloves)
MR       +....                  (no boots)
Stlth    +.........             (no amulet)
HPRegen  0.18/turn              M - ring of protection from magic (curse)
MPRegen  0.12/turn              n - +2 ring of slaying

@: lethally poisoned (0 -> -3)
A: change form in water, swift swim, stealthy swim
a: Draw Escape, Draw Destruction, Draw Summoning, Renounce Religion


You were on level 4 of the Dungeon.
You worshipped Nemelex Xobeh.
Nemelex Xobeh was aware of your devotion.
You were hungry.

You visited 1 branch of the dungeon, and saw 4 of its levels.

You collected 206 gold pieces.

Inventory:

Hand Weapons
 m - a +4 spear (weapon)
   (You found it on level 1 of the Dungeon)
Armour
 g - a +2 hat (worn)
   (You found it on level 1 of the Dungeon)
 i - a +0 leather armour of fire resistance
   (You found it on level 1 of the Dungeon)
 j - a +0 scale mail (worn)
   (You took it off an orc on level 3 of the Dungeon)
 o - a +0 helmet
   (You took it off Robin on level 4 of the Dungeon)
Jewellery
 n - a +2 ring of slaying (right hand)
   (You found it on level 4 of the Dungeon)
 M - a cursed ring of protection from magic (left hand)
   (You found it on level 1 of the Dungeon)
Scrolls
 p - a scroll of enchant weapon
 q - a scroll of enchant armour {unknown}
 t - a scroll of teleportation {!r}
Potions
 a - 2 potions of flight
 b - a potion of degeneration {unknown}
 d - a potion of might {unknown}
 e - 2 potions of curing
 h - 5 potions of lignification
 l - a potion of agility {unknown}
Comestibles
 c - 7 rations
 f - a chunk of flesh


   Skills:
 + Level 4.5 Fighting
 * Level 7.2 Polearms
 + Level 4.2 Dodging
 - Level 2.1 Stealth
 - Level 2.0 Spellcasting
   Level 1.3 Transmutations
 - Level 2.4 Earth Magic
 + Level 2.0 Invocations


You had 9 spell levels left.
You knew the following spells:

 Your Spells              Type           Power        Failure   Level  Hunger
a - Sandblast             Erth           #.....       52%         1    #......

Your spell library contained the following spells:

 Spells                   Type           Power        Failure   Level  Hunger
 Passwall                 Tmut/Erth      #.......     75%         2    ###....
 Summon Small Mammal      Summ           #...         85%         1    #......
 Call Imp                 Summ           #.......     94%         2    ###....
 Stone Arrow              Conj/Erth      #.....       96%         3    ###....
 Call Canine Familiar     Summ           #.......     99%         3    ###....
 Summon Guardian Golem    Hex/Summ       #.......     99%         3    ###....
 Petrify                  Tmut/Erth      #.......     100%        4    #####..
 Summon Ice Beast         Ice/Summ       #.......     100%        4    #####..
 Summon Lightning Spire   Summ/Air       #.......     100%        4    #####..
 Lee's Rapid Deconstruct  Erth           #.........   100%        5    ######.


Dungeon Overview and Level Annotations

Branches:
Dungeon (4/15)             Temple (0/1) D:4

Altars:
Nemelex Xobeh
Qazlal


Message History

Attack whom?
Press: ? - help, Dir - move target cursor, f/p - jackal
Aim: a jackal (heavily wounded)
You puncture the jackal!
You kill the jackal!
An adder comes into view.
An adder is nearby!
A jackal comes into view.
The jackal moves out of view.
A jackal comes into view.
The jackal moves out of view.
A jackal comes into view.
The jackal moves out of view.
The jackal barks!
You hear a bark!
The jackal barks!
You hit the jackal.
The jackal is almost dead.
The jackal closely misses you.
The adder hisses angrily.
You hit the jackal.
You kill the jackal!
The jackal closely misses you. The jackal barely misses you.
The jackal bites you but does no damage.
You hit the jackal.
The jackal is moderately wounded.
The jackal bites you.
* * * LOW HITPOINT WARNING * * *
The jackal bites you but does no damage.
The jackal barely misses you.
The jackal bites you but does no damage.
The jackal bites you but does no damage. x2
The jackal closely misses you. The adder bites you but does no damage.
You are feeling hungry.
The jackal closely misses you. The jackal misses you.
The adder bites you but does no damage.
There is an open door here.
The jackal bites you.
* * * LOW HITPOINT WARNING * * *
You hit the jackal.
You kill the jackal!
A worker ant comes into view.
The worker ant twitches its antennae in your direction.
You puncture the adder!
The adder is severely wounded.
The adder misses you.
You closely miss the adder.
The adder is severely wounded.
The adder bites you but does no damage.
You miss the adder.
The adder is severely wounded.
The adder bites you.
* * * LOW HITPOINT WARNING * * *
You are poisoned.
The adder poisons you!
You puncture the adder!
You kill the adder!
You feel sick.
You feel sick. The jackal closely misses you.
The worker ant closely misses you.
You feel sick. The worker ant barely misses you.
The jackal bites you but does no damage.
You feel sick. The jackal barely misses you.
There is an open door here.
You hit the jackal.
The jackal is moderately wounded.
The jackal barely misses you.
You closely miss the jackal.
The jackal is moderately wounded.
The jackal bites you but does no damage.
You hit the jackal.
You kill the jackal!
Attack whom?
Press: ? - help, Dir - move target cursor, f - worker ant
Aim: a worker ant
Okay, then.
You hit the worker ant.
The worker ant is moderately wounded.
You closely miss the worker ant.
The worker ant is moderately wounded.
You feel sick. The worker ant bites you.
* * * LOW HITPOINT WARNING * * *
You hit the worker ant.
The worker ant is moderately wounded.
The worker ant bites you.
* * * LOW HITPOINT WARNING * * *
You are more poisoned.
The worker ant poisons you!
You closely miss the worker ant.
The worker ant is moderately wounded.
The worker ant misses you.
Unknown command.
You closely miss the worker ant.
The worker ant is moderately wounded.
You feel sick. The worker ant bites you.
You die...
Your body disappears without a glow.

.....# #....h.......#
.....#######†######...#
##.........†...#.##...#
#.............#......#
#.............#......#
#.............#......#
#.............#......#
#.......)....a#..÷...#
##.............#@#######
...###'###.....a.......#
...#.....#.............#
...#.....#.............#
...#.....#.............#
...#.....#.............#
.).#.....#.............#
...#.....#.............#
...#.....#.............#


You could see a worker ant.

Vanquished Creatures
  An ogre (D:4)
  A howler monkey (D:4)
  A hound (D:2)
  3 orc priests (D:3 D:4)
  3 orc wizards (D:3 D:4)
  2 worker ants (D:4)
  Robin (D:4)
  A gnoll (D:1)
  4 adders (D:2 D:3 D:4)
  6 dart slugs (D:1 D:2 D:3)
  2 leopard geckos (D:1 D:2)
  5 orcs (D:3 D:4)
  3 giant cockroaches (D:1 D:2)
  25 goblins (D:1 D:2 D:3 D:4)
  10 hobgoblins (D:1 D:2 D:3)
  16 jackals (D:1 D:2 D:4)
  7 kobolds (D:1 D:2 D:3)
  A quokka (D:4)
  A ball python (D:2)
  5 bats (D:1 D:2)
  5 frilled lizards (D:1 D:2)
  10 rats (D:1 D:2 D:3)
113 creatures vanquished.

Notes
Turn   | Place    | Note
-------+----------+-------------------------------------------
     0 | D:1      | Monsterracer the Merfolk Earth Elementalist began the quest
                  | for the Orb.
     0 | D:1      | Reached XP level 1. HP: 13/13 MP: 3/3
    78 | D:1      | Reached skill level 1 in Fighting
   123 | D:1      | Reached XP level 2. HP: 16/22 MP: 1/5
   475 | D:1      | Reached XP level 3. HP: 23/28 MP: 1/6
  1307 | D:1      | Reached skill level 1 in Polearms
  1522 | D:2      | Reached XP level 4. HP: 36/36 MP: 7/7
  1536 | D:2      | Found a sparkling altar of Nemelex Xobeh.
  1551 | D:2      | Found a stormy altar of Qazlal.
  1572 | D:2      | Became a worshipper of Nemelex Xobeh the Trickster
  1655 | D:2      | HP: 18/36 [hound (4)]
  1656 | D:2      | Reached skill level 2 in Polearms
  1662 | D:2      | Reached skill level 3 in Polearms
  1847 | D:2      | Received a gift from Nemelex Xobeh
  1933 | D:2      | Reached skill level 4 in Polearms
  1933 | D:2      | Reached XP level 5. HP: 33/41 MP: 8/8
  2514 | D:3      | Reached skill level 5 in Polearms
  2640 | D:3      | HP: 13/42 [orc priest/divine providence (13)]
  2643 | D:3      | HP: 6/42 [orc/+0 morningstar (2)]
  3219 | D:4      | Reached XP level 6. HP: 46/48 MP: 9/9
  3234 | D:4      | HP: 21/48 [orc wizard/magic dart (4)]
  3239 | D:4      | Reached skill level 6 in Polearms
  3241 | D:4      | HP: 13/48 [something/magic dart (2)]
  3246 | D:4      | HP: 6/48 [something (2)]
  3487 | D:4      | HP: 17/48 [ogre/+0 giant club (13)]
  3488 | D:4      | Reached skill level 1 in Invocations
  3685 | D:4      | Noticed Robin
  3821 | D:3      | HP: 24/48 [poisoned by a goblin]
  3974 | D:4      | Killed Robin
  4026 | D:4      | Reached XP level 7. HP: 55/55 MP: 10/10
  4084 | D:4      | Reached skill level 7 in Polearms
  4285 | D:4      | Reached * piety under Nemelex Xobeh
  4311 | D:4      | Found a staircase to the Ecumenical Temple.
  4323 | D:4      | HP: 22/55 [orc priest/exploding inner flame[the player
                  | character] (30)]
  4323 | D:4      | HP: 3/55 [cloud of flame (19)]
  4427 | D:4      | HP: 19/55 [jackal (2)]
  4439 | D:4      | HP: 20/55 [jackal (1)]
  4444 | D:4      | HP: 16/55 [poisoned by an adder]
  4449 | D:4      | HP: 15/55 [poisoned by an adder]
  4457 | D:4      | HP: 14/55 [poisoned by an adder]
  4460 | D:4      | HP: 6/55 [poisoned by a worker ant]
  4460 | D:4      | Slain by a worker ant

Levels and vault maps discovered:
D:1:      evilmike_arrival_fibonacci_small, layout_loops_corners, minmay_cut_off
D:2:      kennysheep_the_goblin_king, layout_rooms,
          nemelex_xobeh_ov_fountains_minmay, nicolae_qazlal_general_emergency
D:3:      layout_rooms, first_ration
D:4:      layout_gridville, nicolae_dithmenos_shadow_blocks,
          minmay_temple_entry_proselytizer, serial_shops, shop,
          corexii_item_surrounded_by_moat, uniq_robin, uniq_edmund, uniq_purgy

Skill      XL: |  1  2  3  4  5  6  7 |
---------------+----------------------+-----
Fighting       | 2 3 4 |  4.5
Polearms       | 1 4 5 6 7 |  7.2
Dodging        | 3 4 |  4.2
Invocations    | 1 2 |  2.0
Stealth        | |  2.1
Spellcasting   | |  2.0
Transmutations | |  1.3
Earth Magic    | |  2.4

Action                   |  1- 3 |  4- 6 |  7- 9 || total
-------------------------+-------+-------+-------++-------
Melee: Unarmed           |     6 |       |       ||     6
       Short sword       |    13 |       |       ||    13
       Dagger            |    29 |       |       ||    29
       Spear             |    13 |   195 |    52 ||   260
 Cast: Sandblast         |    32 |    21 |       ||    53
 Abil: Draw Destruction  |       |     4 |       ||     4
  Use: Scroll            |     5 |     1 |     1 ||     7
       Potion            |       |     1 |       ||     1
 Stab: Sleeping          |     5 |     3 |       ||     8
  Eat: Chunk             |     1 |    10 |     1 ||    12
Armor: Leather armour    |    19 |    21 |       ||    40
       Scale mail        |       |    34 |    18 ||    52
Dodge: Dodged            |    35 |   110 |    30 ||   175
